 Dungeon Crawl Stone Soup version 0.28-a0-730-g892d06dc2c (webtiles) character file.

Game seed: 8840829176941334230

0 spiderkeys the Skirmisher (level 1, -16/13 (14) HPs)
             Began as a Kobold Abyssal Knight on Oct 28, 2021.
             Was a Follower of Lugonu.
             Killed from afar by a vampire mage (25 damage)
             ... with a bolt of negative energy
             ... on level 5 of the Abyss.
             The game lasted 00:01:00 (281 turns).

spiderkeys the Skirmisher (Kobold Abyssal Knight)    Turns: 281, Time: 00:01:00

HP:   -16/13 (14)   AC:  5    Str: 10    XL:     1   Next: 0%
MP:   2/2           EV: 14    Int: 11    God:    Lugonu [*.....]
Gold: 58            SH:  0    Dex: 15    Spells: 0/0 levels left

rFire   . . .      SeeInvis .   a - +1 short sword
rCold   . . .      Faith    .   (shield restricted)
rNeg    . . .      Spirit   .   b - +0 leather armour
rPois   .          Reflect  .   e - +2 hat
rElec   .          Harm     .   (no cloak)
rCorr   .          Rampage  .   (no gloves)
Will    .....                   (no boots)
Stlth   ++........              (no amulet)
HPRegen 0.04/turn               (no ring)
MPRegen 0.08/turn               (no ring)

@: drained
A: small, no large weapons, nightstalker 3
a: Renounce Religion, Depart the Abyss


You were on level 5 of the Abyss.
You worshipped Lugonu.
Lugonu was aware of your devotion.
You visited 0 branches of the dungeon, and saw 0 of its levels.
You visited the Abyss 1 time.

You collected 58 gold pieces.


Innate Abilities, Weirdness & Mutations

You are small and have problems with some larger weapons.
You are completely attuned to the shadows.


   Skills:
 + Level 3.2 Fighting
 + Level 2.6 Short Blades
 + Level 0.7 Armour
 + Level 2.4 Dodging
 + Level 2.0 Invocations


You couldn't memorise any spells.
You didn't know any spells.
Your spell library was empty.

Inventory:

Hand Weapons
 a - a +1 short sword (weapon)
Missiles
 d - 14 bolts
Armour
 b - a +0 leather armour (worn)
 e - a +2 hat (worn)
   (You found it on level 5 of the Abyss)
Scrolls
 c - a scroll of brand weapon {unknown}

Dungeon Overview and Level Annotations

Branches:
Dungeon (0/15)

Altars:

.....
/?##.....
?φ[#..#.#
XX*[#.....
?φ)(${[#@....
*)??{##.....
#{X{##....V.
#######...#...
##
........###≈#
#.........##
≈≈ .....#..
..#.
........... .
. ...#.....#.


You could see a vampire mage, a thrashing horror and a lurking horror
(wandering).


Message History

🤖 Initializing magus.rc ... ✅ Successfully initialized magus.rc [v1.9.10] Welcome, spiderkeys the Kobold Abyssal Knight.
Will you be the one to retrieve the breathtaking Orb of Zot from the depths?
Lugonu says: Depart the Abyss and spread corruption, my servant! (use the ability menu to exit the Abyss) Press ? for a list of commands and other information.
Found a corrupted altar of Lugonu.
Found a sacrificial altar of Ru.
Unknown command.
Found a gateway leading deeper into the Abyss.
c - a scroll labelled YTRUYPPI YTHU
There is a gateway leading deeper into the Abyss here.
You enter the shallow water.
Moving in this stuff is going to be slow.
You enter the shallow water.
Moving in this stuff is going to be slow.
There is a gateway leading deeper into the Abyss here.
You plunge deeper into the Abyss.
You enter the shallow water.
Moving in this stuff is going to be slow.
You enter the shallow water.
Moving in this stuff is going to be slow.
A wraith comes into view.
A thrashing horror comes into view.
Found a gateway leading deeper into the Abyss.
There is a gateway leading deeper into the Abyss here.
You plunge deeper into the Abyss.
The abyssal rune of Zot can be found at this depth.
Found a corrupted altar of Lugonu.
Found a gateway leading out of the Abyss.
There is a fountain of clear blue water here.
d - 14 bolts You now have 17 gold pieces.
An eye of devastation bursts from nowhere.
Found a gateway leading deeper into the Abyss.
You now have 58 gold pieces (gained 41).
Key pressed, stopping explore.
Unknown command.
There is a gateway leading deeper into the Abyss here.
You plunge deeper into the Abyss.
The abyssal rune of Zot can be found at this depth.
A tentacled starspawn comes into view.
You see here 12 gold pieces.
Found a gateway leading deeper into the Abyss.
A tentacle flies out from the starspawn's body!
A starspawn tentacle comes into view.
There is a gateway leading deeper into the Abyss here.
You plunge deeper into the Abyss.
The abyssal rune of Zot can be found at this depth.
e - a +2 hat You start putting on your armour.
You continue putting on your +2 hat. x4
You finish putting on your +2 hat.
You enter the shallow water.
Moving in this stuff is going to be slow.
Tentacles burst from the starspawn's body! 2 starspawn tentacles come into view.
The starspawn tentacle grabs you. The starspawn tentacle constricts you.
A starspawn tentacle segment comes into view. 😕 HP[-1]
You take 1 damage, and now have 13/14 hp.
The starspawn tentacle's grasp on you weakens, but your attempt to escape fails.
The tentacle pulls you backwards!
A starspawn tentacle segment comes into view.
The tentacle pulls you backwards!
The starspawn tentacle constricts you. 😕 HP[-2]
You take 2 damage, and now have 11/14 hp.
You escape the starspawn tentacle's grasp.
The starspawn tentacle grabs you.
The starspawn tentacle constricts you. 😮 HP[-3]
You take 3 damage, and now have 8/14 hp.
MASSIVE DAMAGE!! (PAUSE)
You escape the starspawn tentacle's grasp. 😮 HP[+1]
The thrashing horror roars!
A vampire mage comes into view.
The vampire mage points at you and mumbles some strange words.
The bolt of negative energy hits you!!
You feel drained.
Ouch! That really hurt!
You die...

Levels and vault maps discovered:
Abyss:5:  base: Temple, base: Temple, base: Temple,
          hangedman_abyss_exit_choices, grunt_abyss_rune_wretched_hive,
          evilmike_abyss_exit_10, due_exit_kobolds,
          hangedman_grunt_abyss_rune_horror_hoard

Notes
Turn   | Place    | Note
-------+----------+-------------------------------------------
     0 | Abyss:1  | spiderkeys the Kobold Abyssal Knight began the quest for
                  | the Orb.
     0 | Abyss:1  | Reached XP level 1. HP: 14/14 MP: 2/2
     0 | Abyss:1  | magus.rc [v1.9.10]
    26 | Abyss:1  | Found a sacrificial altar of Ru.
    77 | Abyss:2  | Noticed a wraith
    90 | Abyss:2  | Noticed a thrashing horror
    97 | Abyss:3  | Found a corrupted altar of Lugonu.
   142 | Abyss:3  | Noticed an eye of devastation
   193 | Abyss:4  | Noticed a tentacled starspawn
   207 | Abyss:5  | Entered Level 5 of the Abyss
   233 | Abyss:5  | Noticed an efreet
   257 | Abyss:5  | Noticed a tentacled starspawn
   273 | Abyss:5  | Noticed a thrashing horror
   274 | Abyss:5  | Noticed a thrashing horror
   276 | Abyss:5  | Noticed a thrashing horror
   276 | Abyss:5  | Noticed a thrashing horror
   280 | Abyss:5  | Noticed a vampire mage
   281 | Abyss:5  | Killed from afar by a vampire mage

Vanquished Creatures (others)
  4 starspawn tentacles
4 creatures vanquished.

Table legend:
 A = Non-vault XP
 B = Vault XP
 C = Vault XP percentage of total XP
 D = Non-vault monster count
 E = Vault monster count
 F = Vault count percentage of total count
                 A         B        C        D         E       F
            +---------+---------+-------+---------+---------+-------
      Total |       0 |       0 |   N/A |       0 |       0 |  -nan
            +---------+---------+-------+---------+---------+-------
            +---------+---------+-------+---------+---------+-------

Illustrated notes

Table legend: (Time is in decaauts)
 A = Elapsed time spent in this place.
 B = Non-inter-level travel time spent in this place.
 C = Inter-level travel time spent in this place.
 D = Time resting spent in this place.
 E = Time spent auto-exploring this place.
 F = Levels seen in this place.
 G = Mean time per level.
                   A        B        C        D        E       F      G
               +--------+--------+--------+--------+--------+-----+--------+
         Total |    284 |    284 |      0 |      0 |    106 |   5 |   56.8 |
         Abyss |    284 |    284 |      0 |      0 |    106 |   5 |   56.8 |
               +--------+--------+--------+--------+--------+-----+--------+

Top non-repeatable levels by time:
 Abyss:3: 92 daAuts
 Abyss:5: 74 daAuts
 Abyss:1: 57 daAuts
 Abyss:2: 43 daAuts
 Abyss:4: 16 daAuts
